 Dungeon Crawl Stone Soup version 0.17-a0-2127-g1cb09f6 (webtiles) character file.

16 septik the Sneak (level 2, 6/13 HPs)
             Began as a Spriggan Enchanter on Oct 22, 2015.
             Quit the game on level 1 of the Dungeon.
             The game lasted 00:04:33 (788 turns).

septik the Sneak (Spriggan Enchanter)                Turns: 788, Time: 00:04:33

Health: 6/13       AC:  3    Str:  4    XL:     2   Next: 37%
Magic:  5/6        EV: 18    Int: 16    God:
Gold:   43         SH:  0    Dex: 16    Spells: 1 memorised, 5 levels left

rFire  . . .     SeeInvis +     a - +1 dagger
rCold  . . .     Clarity  .     b - +1 robe
rNeg   . . .     SustAt   .     (shield restricted)
rPois  +         Gourm    .     (helmet restricted)
rElec  .         Spirit   .     (no cloak)
rCorr  .         Warding  .     (gloves unavailable)
rMut   .         Stasis   .     (boots unavailable)
MR     .....                    (no amulet)
Stlth  +++.......               (no ring)
                                j - ring of poison resistance

@: very quick, not resistant to hostile enchantments, fairly stealthy
A: unfitting armour, see invisible, herbivore 3, speed 3, slow metabolism 2
a: no special abilities


You were on level 1 of the Dungeon.
You were not hungry.

You visited 1 branch of the dungeon, and saw 1 of its levels.

You collected 43 gold pieces.

Inventory:

Hand Weapons
 a - a +1 dagger (weapon)
Missiles
 i - 30 stones (quivered)
Armour
 b - a +1 robe (worn)
Jewellery
 j - a ring of poison resistance (left hand)
Scrolls
 e - 2 scrolls of identify {unknown}
 f - a scroll of noise {unknown}
Potions
 g - a potion of curing {unknown}
 k - a potion of flight {unknown}
Books
 c - a book of Maledictions

   Spells                             Type                      Level
   a - Corona                         Hexes                        1
   b - Ensorcelled Hibernation        Hexes/Ice                    2
   c - Confuse                        Hexes                        3
   d - Tukima's Dance                 Hexes                        3
   e - Dazzling Spray                 Conjuration/Hexes            3
Comestibles
 d - a bread ration
 h - a slice of pizza


   Skills:
 * Level 2.1 Short Blades
 - Level 3.0 Dodging
 + Level 5.0 Stealth
 - Level 2.6 Spellcasting
 - Level 3.6 Hexes


You had 5 spell levels left.
You knew the following spells:

 Your Spells              Type           Power        Failure   Level  Hunger
a - Corona                Hex            ##.....      6%          1    #......


Dungeon Overview and Level Annotations

Branches:
Dungeon (1/15)

Altars:
Okawaru


Innate Abilities, Weirdness & Mutations

You are tiny and cannot use many weapons and most armour.
You have supernaturally acute eyesight.
You are a herbivore.
You cover ground extremely quickly.
You need consume almost no food.


Message History

Aiming: Corona
Press: ? - help, Shift-Dir - straight line, f - hobgoblin
Aim: a hobgoblin, wielding a hand axe (lightly wounded, chance to defeat MR: 83%)
The hobgoblin is outlined in light.
The hobgoblin hits you but does no damage.
You hit the hobgoblin.
The hobgoblin is moderately wounded.
You hit the hobgoblin.
You kill the hobgoblin!
You now have 43 gold pieces (gained 7).
There is an open door here.
Things that are here:
a hand axe; a hobgoblin corpse
Casting: Corona
Confirm with . or Enter, or press ? or * to list all spells.
Okay, then.
Okay, then.
Quiver which item? (- for none, * to show all) (? for menu, Esc to quit)
Okay, then.
Are you sure you want to abandon this character and quit the game? (Confirm with "yes".)

# #.....#.
###...........
######.#.
#...........
#......#.
##.........
#.######
#'........ #
#....#
#..#...#..## #
####.### #####..#
.# #
##'##...######..#
# # +...+
#.....##..#
#####.<.#
###.#.@)..#
..#.+...+ #
####..# #...##+##
#..# ##.## #..#
##.# .... ##.#
..... ##.# ..#..#
...# ...>. ##.#


There were no monsters in sight!

Vanquished Creatures
  A giant gecko (D:1)
  3 goblins (D:1)
  2 hobgoblins (D:1)
  A bat (D:1)
  2 giant cockroaches (D:1)
  A giant newt (D:1)
  3 kobolds (D:1)
13 creatures vanquished.

Notes
Turn   | Place    | Note
--------------------------------------------------------------
     0 | D:1      | septik the Spriggan Enchanter began the quest for the Orb.
     0 | D:1      | Reached XP level 1. HP: 9/9 MP: 5/5
   387 | D:1      | Reached XP level 2. HP: 10/13 MP: 6/6
   668 | D:1      | Found an iron altar of Okawaru.
   712 | D:1      | Reached skill level 5 in Stealth
   788 | D:1      | Quit the game

Vault maps used:
D:1:      nicolae_arrival_somewhat_less_tricky_arrival,
          wad_floor_pattern_untrapped, okawaru_ov_weapons_minmay

Action                   || total
-------------------------++-------
Melee: Dagger            ||    51
 Cast: Corona            ||     5
 Stab: Sleeping          ||     1
